 Dungeon Sprint DCSS version 0.27-a0-1154-gfdeffcb720 (webtiles) character file.

Game seed: 17323214587614368080

29 rocky1 the Shield-Bearer (level 3, 0/29 HPs)
             Began as a Formicid Fighter on May 15, 2021.
             Was a Priest of Cheibriados.
             Slain by a black bear (2 damage)
             ... in the Dungeon (Sprint VII: "The Pits").
             The game lasted 00:01:28 (232 turns).

rocky1 the Shield-Bearer (Formicid Fighter)          Turns: 232, Time: 00:01:29

Health: 0/29       AC:  6    Str: 29    XL:     3   Next: 32%
Magic:  3/3        EV:  9    Int: 15    God:    Cheibriados [***...]
Gold:   0          SH: 12    Dex: 18    Spells: 2/2 levels left

rFire    . . .     SeeInvis +   a - +0 war axe
rCold    . . .     Faith    .   c - +0 kite shield
rNeg     . . .     Spirit   .   b - +0 scale mail
rPois    .         Reflect  .   (helmet unavailable)
rElec    .         Harm     .   (no cloak)
rCorr    .         Rampage  .   (no gloves)
Will     .....                  (no boots)
Stlth    ..........             (no amulet)
HPRegen  0.09/turn              (no ring)
MPRegen  0.08/turn              (no ring)

@: mighty, very slow
A: permanent stasis, dig shafts and tunnels, antennae 3, four strong arms
a: Dig, Renounce Religion, Bend Time, Temporal Distortion


You were in the Dungeon.
You worshipped Cheibriados.
Cheibriados was most pleased with you.
You visited 1 branch

Inventory:

Hand Weapons
 a - a +0 war axe (weapon)
Armour
 b - a +0 scale mail (worn)
 c - a +0 kite shield (worn)
Scrolls
 i - 5 scrolls of amnesia
 j - a scroll of summoning
Potions
 g - 4 potions of magic
 h - 2 potions of invisibility


   Skills:
 - Level 3.2 Fighting
 + Level 4.6 Axes
 - Level 3.2 Armour
 + Level 6.2 Shields


You had 2 spell levels left.
You didn't know any spells.
Your spell library was empty.

Dungeon Overview and Level Annotations

Branches:
Dungeon (1/1)

Altars:
Ashenzari
Cheibriados
Dithmenos
Elyvilon
Fedhas
Gozag
Hepliaklqana
Kikubaaqudgha
Makhleb
Nemelex Xobeh
Okawaru
Qazlal
Ru
Sif Muna
Trog
Uskayaw
Vehumet
Wu Jian
Xom
Yredelemnul
Zin
The Shining One
Beogh
Jiyva
Lugonu


Innate Abilities, Weirdness & Mutations

You cannot be hasted, slowed, berserked, paralysed or teleported.
You can dig through walls and to a lower floor.
You have a pair of large antennae on your head. (SInv)
Your four strong arms can wield two-handed weapons with a shield.


Message History

You kill the jackal!
Cheibriados appreciates the change of pace.
Cheibriados raises the support of your attributes as your movement slows.
You slash the jackal!
You kill the jackal!
Cheibriados thoroughly appreciates the change of pace.
Cheibriados raises the support of your attributes as your movement slows.
You barely miss the black bear. You block the black bear's attack.
The black bear claws you. The black bear barely misses you.
You block the black bear's attack. The black bear barely misses you.
The black bear claws you but does no damage.
You barely miss the black bear.
The black bear bites you but does no damage.
You block the black bear's attack.
The black bear claws you but does no damage.
You slash the black bear!
The black bear is heavily wounded.
The black bear bites you.
* * * LOW HITPOINT WARNING * * *
You block the black bear's attack. The black bear barely misses you.
You slash the black bear!
The black bear is almost dead.
The black bear bites you but does no damage.
You block the black bear's attack. The black bear closely misses you.
The black bear goes berserk!
You barely miss the black bear.
The black bear is almost dead.
The black bear bites you.
* * * LOW HITPOINT WARNING * * *
The black bear barely misses you.
The black bear claws you but does no damage.
You block the black bear's attack. x2
The black bear claws you but does no damage.
You barely miss the black bear.
The black bear is almost dead.
The black bear bites you but does no damage.
The black bear claws you.
* * * LOW HITPOINT WARNING * * *
The black bear claws you.
You die...

#_______...##########
##########'##........
#.?(!')))'.##...†..#.
##########.##........
#...........'........
#+#####'#####......#.
#...#.# #........
#...#†# ####'####
#.@.'.# #.......#
##h#### #.......#
#.g...# #.......#
#.....# #...<...#
#....... #.......#
#........##.......#
###########.......# {
{{ #########


You could see a black bear (berserk) and a goblin.

Vanquished Creatures
  2 adders (D)
  A ball python (D)
  A giant cockroach (D)
  A hobgoblin (D)
  4 jackals (D)
  A bat (D)
10 creatures vanquished.

Notes
Turn   | Place    | Note
-------+----------+-------------------------------------------
     0 | D        | rocky1 the Formicid Fighter began the quest for the Orb.
     0 | D        | Reached XP level 1. HP: 18/18 MP: 1/1
    37 | D        | Found a bloodstained altar of Trog.
    37 | D        | Found a shimmering blue altar of Sif Muna.
    37 | D        | Found a viscous altar of Jiyva.
    37 | D        | Found a hazy altar of Hepliaklqana.
    37 | D        | Found an opulent altar of Gozag.
    60 | D        | Found a glowing golden altar of the Shining One.
    60 | D        | Found a glowing silver altar of Zin.
    60 | D        | Found a basalt altar of Yredelemnul.
    60 | D        | Found a shimmering altar of Xom.
    60 | D        | Found an ornate altar of the Wu Jian Council.
    60 | D        | Found a sacrificial altar of Ru.
    60 | D        | Found a stormy altar of Qazlal.
    60 | D        | Found an iron altar of Okawaru.
    60 | D        | Found a sparkling altar of Nemelex Xobeh.
    60 | D        | Found a burning altar of Makhleb.
    60 | D        | Found a blossoming altar of Fedhas.
    60 | D        | Found a white marble altar of Elyvilon.
    60 | D        | Found a shadowy altar of Dithmenos.
    60 | D        | Found a snail-covered altar of Cheibriados.
    63 | D        | Found a corrupted altar of Lugonu.
    63 | D        | Found a radiant altar of Vehumet.
    64 | D        | Found an ancient bone altar of Kikubaaqudgha.
    64 | D        | Found a hide-covered altar of Uskayaw.
    64 | D        | Found a broken altar of Ashenzari.
    73 | D        | Became a worshipper of Cheibriados the Contemplative
    92 | D        | Reached skill level 4 in Shields
    92 | D        | Reached * piety under Cheibriados
   106 | D        | Reached skill level 5 in Shields
   106 | D        | Reached XP level 2. HP: 16/24 MP: 2/2
   203 | D        | Noticed a black bear
   204 | D        | Reached ** piety under Cheibriados
   217 | D        | HP: 1/24 [adder (4)]
   221 | D        | Reached *** piety under Cheibriados
   222 | D        | Reached skill level 6 in Shields
   222 | D        | Reached XP level 3. HP: 26/29 MP: 3/3
   232 | D        | Slain by a black bear

Illustrated notes

Levels and vault maps discovered:
D:        pitsprint [storerooms_1, entrance_room_1, metal_vault_8, armoury_1,
          mini_pit_1, grid_room_1, main_hall_1, silver_pit, the_coven_1,
          the_vestibule_1, steel_vault_1, golden_pit, hallway_of_sentries,
          crystal_vault_3, iron_vault_5, final_vault]

Skill      XL: |  1  2 |
---------------+-------+-----
Shields        | 5 6 |  6.2
Axes           | 3 4 |  4.6
Fighting       | |  3.2
Armour         | |  3.2

Action                   || total
-------------------------++-------
Melee: War axe           ||    39
  Use: Potion            ||     3
Armor: Scale mail        ||    27
Dodge: Dodged            ||    26
Block: Kite shield       ||    41

Table legend: (Time is in decaauts)
 A = Elapsed time spent in this place.
 B = Non-inter-level travel time spent in this place.
 C = Inter-level travel time spent in this place.
 D = Time resting spent in this place.
 E = Time spent auto-exploring this place.
 F = Levels seen in this place.
 G = Mean time per level.
                   A        B        C        D        E       F      G
               +--------+--------+--------+--------+--------+-----+--------+
         Total |    257 |    257 |      0 |     94 |      0 |   1 |  257.0 |
       Dungeon |    257 |    257 |      0 |     94 |      0 |   1 |  257.0 |
               +--------+--------+--------+--------+--------+-----+--------+

Top non-repeatable levels by time:
       D: 257 daAuts
